 Dungeon Crawl Stone Soup version 0.20.1-1-g8b1a95d (webtiles) character file.

184 Lanoc the Slasher (level 5, -8/43 HPs)
             Began as a Barachi Monk on Nov 29, 2017.
             Shot themself with an iceblast (10 damage)
             ... on level 3 of the Dungeon.
             The game lasted 00:10:02 (2497 turns).

Lanoc the Slasher (Barachi Monk)                    Turns: 2497, Time: 00:10:03

Health: -8/43      AC: 11    Str: 13    XL:     5   Next: 64%
Magic:  5/5        EV:  7    Int: 10    God:
Gold:   84         SH:  9    Dex: 15    Spells: 4/4 levels left

rFire    . . .     SeeInvis .   a - +0 falchion
rCold    . . .     Gourm    .   h - +2 shield
rNeg     + + .     Faith    .   g - +0 pearl dragon scales
rPois    .         Spirit   .   (no helmet)
rElec    .         Reflect  .   (no cloak)
rCorr    .         Harm     .   (no gloves)
MR       .....                  (no boots)
Stlth    ..........             (no amulet)
Regen    0.2/turn               q - ring of positive energy
MPRegen  0.1/turn               (no ring)

@: lethally poisoned (-8 -> -12), berserk cooldown, flying, slowed, drained,
very slow
A: +LOS, swims, slowness 1, strong legs 1
a: Hop


You were on level 3 of the Dungeon.
You were not hungry.

You visited 1 branch of the dungeon, and saw 3 of its levels.

You collected 84 gold pieces.

Inventory:

Hand Weapons
 a - a +0 falchion (weapon)
 s - a +0 blowgun
Missiles
 r - 9 poisoned needles
Armour
 b - a +0 robe
 g - +0 pearl dragon scales (worn)
 h - a +2 shield (worn)
Jewellery
 q - a ring of positive energy (left hand)
Wands
 p - a wand of random effects (46/48)
 t - a wand of random effects (26/48)
Scrolls
 i - a scroll of enchant weapon {unknown}
 j - a scroll of noise {unknown}
 k - a scroll of fog {unknown}
 l - 2 scrolls of identify {unknown}
 m - a scroll of fear {unknown}
 n - a scroll of teleportation {unknown}
 v - a scroll of random uselessness {unknown}
Potions
 e - 3 potions of flight
Comestibles
 c - 3 bread rations
 f - a meat ration


   Skills:
 + Level 4.5(4.4) Fighting
 * Level 4.9(4.8) Long Blades
 + Level 2.6(2.5) Armour
 + Level 4.6(4.5) Dodging
 - Level 1.7(1.6) Stealth


You had 4 spell levels left.
You didn't know any spells.

Dungeon Overview and Level Annotations

Branches:
Dungeon (3/15)

Altars:
Xom


Innate Abilities, Weirdness & Mutations

Shadows flee at your approach. (+LOS)
You can swim through water.
You cover ground slowly.
You can hop short distances.


Message History

* * * LOW HITPOINT WARNING * * *
You feel sick.
Evoke which item? (* to show all) (? for menu, Esc to quit)
Aiming: Random Effects (will waste charges)
Press: ? - help, Shift-Dir - straight line, f - you That beam is likely to hit you.
Continue anyway?
Okay, then.
Evoke which item? (* to show all) (? for menu, Esc to quit)
Aiming: Random Effects (will waste charges)
Press: ? - help, Shift-Dir - straight line, f - you That beam is likely to hit you.
Continue anyway?
The bolt of negative energy hits you! You partially resist.
You feel drained.
* * * LOW HITPOINT WARNING * * *
Evoking this partially-identified wand wasted a few charges.
Evoke which item? (* to show all) (? for menu, Esc to quit)
Aiming: Random Effects (will waste charges)
Press: ? - help, Shift-Dir - straight line, f - you That beam is likely to hit you.
Continue anyway?
The mass of ice explodes!
The iceblast engulfs you!
You die...

..................# #.#.#
##...# ##.#.##.........###
#.#.# #.....
#.#.##....(....... ..#.#
#..... #. .##........<#.#
###.# #..... #.
.##.........#.# #.# #....# #.
.##.........#.#####.####..##.
#..........................
...........)......####..##.
##.#.......@.##########...##
#..........#....)....#.## #
###.......##.######...... #
.........###.# ##.#.## #
.#####...## #.# #..... #
##.## #.#### ###.## ..#
#....# #.# ..## ####.# #.#
... #.# #.#


There were no monsters in sight!

Vanquished Creatures
  3 gnolls (D:3)
  6 adders
  2 oozes
  3 worms (D:2)
  2 dart slugs (D:2)
  3 leopard geckos
  2 orcs (D:3)
  5 giant cockroaches
  9 hobgoblins
  6 jackals (D:2)
  6 kobolds
  8 bats
  3 frilled lizards
  10 goblins
  8 rats
76 creatures vanquished.

Notes
Turn   | Place    | Note
-------+----------+-------------------------------------------
     0 | D:1      | Lanoc the Barachi Monk began the quest for the Orb.
     0 | D:1      | Reached XP level 1. HP: 18/18 MP: 1/1
   141 | D:1      | Reached XP level 2. HP: 22/25 MP: 2/2
   398 | D:1      | Reached skill level 1 in Armour
   435 | D:1      | Reached XP level 3. HP: 21/30 MP: 3/3
   943 | D:2      | Reached XP level 4. HP: 33/37 MP: 4/4
  1296 | D:2      | Found a shimmering altar of Xom.
  1722 | D:3      | Reached XP level 5. HP: 12/42 MP: 5/5
  2065 | D:3      | HP: 2/42 [gnoll/spear (5)]
  2496 | D:3      | HP: 2/43 [suicidal targeting (2)]
  2497 | D:3      | Shot themself with an iceblast

Skill      XL: |  1  2  3  4 |
---------------+-------------+-----
Long Blades    | 4 |  4.9
Armour         | 1 2 |  2.6
Fighting       | 4 |  4.5
Dodging        | 4 |  4.6
Stealth        | |  1.7

Action                   |  1- 3 |  4- 6 || total
-------------------------+-------+-------++-------
Melee: Falchion          |   117 |   198 ||   315
 Abil: Hop               |       |     1 ||     1
Evoke: Wand              |       |     1 ||     1
  Use: Potion            |       |     6 ||     6
       Scroll            |       |     1 ||     1
 Stab: Sleeping          |     1 |       ||     1
  Eat: Chunk             |       |     7 ||     7
Armor: Pearl dragon scal |    60 |   118 ||   178
       Robe              |     1 |       ||     1
Dodge: Dodged            |    43 |    63 ||   106
Block: Shield            |    56 |   123 ||   179
       Rpst.: Falchion   |    16 |    18 ||    34
